 Dungeon Crawl Stone Soup version 0.23.2-1-ga50397a (webtiles) character file.

Game seed: 15487173390285929943

1628 MajorAdolf the Magician (level 8, -3/69 HPs)
             Began as a Naga Wanderer on Apr 25, 2019.
             Slain by a merfolk
             ... wielding a cursed +0 spear
              (7 damage)
             ... on level 9 of the Dungeon.
             The game lasted 00:26:18 (7119 turns).

MajorAdolf the Magician (Naga Wanderer)             Turns: 7119, Time: 00:26:19

Health: -3/69      AC:  6    Str: 17    XL:     8   Next: 97%
Magic:  16/16      EV:  8    Int: 12    God:
Gold:   294        SH:  4    Dex: 11    Spells: 14/18 levels left

rFire    . . .     SeeInvis +   u - +9 hand axe (elec)
rCold    . . .     Gourm    .   g - +0 buckler
rNeg     . . .     Faith    .   n - +0 ring mail
rPois    +         Spirit   .   (no helmet)
rElec    .         Reflect  .   (no cloak)
rCorr    .         Harm     .   E - +0 pair of gloves
MR       +....                  (no barding)
Stlth    +.........             (no amulet)
HPRegen  0.21/turn              (no ring)
MPRegen  0.15/turn              (no ring)

@: very slow
A: large, see invisible, deformed body, poison resistance, slowness 2, slow
metabolism 1, spit poison 1, AC +2
a: Spit Poison


You were on level 9 of the Dungeon.
You were not hungry.

You visited 1 branch of the dungeon, and saw 7 of its levels.
You also visited: Sewer and Ossuary.

You collected 294 gold pieces.

Inventory:

Hand Weapons
 a - a +2 spear
 r - a +2 hunting sling of flaming
 u - a +9 hand axe of electrocution (weapon)
 v - a +2 dagger of venom
Missiles
 s - 116 stones (quivered)
Armour
 d - a +0 robe
 g - a +0 buckler (worn)
 n - a +0 ring mail (worn)
 p - a +1 shield
 E - a +0 pair of gloves (worn)
Magical Staves
 F - an uncursed staff of death
Wands
 q - a wand of flame (21)
 C - a wand of digging (3)
Scrolls
 b - 3 scrolls of teleportation
 c - 4 scrolls of identify
 i - a scroll of blinking
 j - 2 scrolls of remove curse
 l - a scroll of amnesia
 o - a scroll of magic mapping
 y - a scroll of enchant armour
 D - a scroll of enchant weapon
Potions
 e - 2 potions of haste {unknown}
 h - 2 potions of resistance
 k - 2 potions of lignification
 m - 3 potions of degeneration
 t - a potion of brilliance {unknown}
 w - a potion of agility {unknown}
 x - 2 potions of flight
 z - a potion of heal wounds {unknown}
 B - 2 potions of curing {unknown}
Comestibles
 f - 13 rations


   Skills:
 + Level 3.2 Fighting
 * Level 3.5(3.8) Axes
 - Level 2.0(3.0) Polearms
 - Level 1.0 Throwing
 + Level 3.6 Shields
 + Level 5.5 Spellcasting
 + Level 3.6 Conjurations
 + Level 5.3 Fire Magic
   Level 2.6 Poison Magic


You had 14 spell levels left.
You knew the following spells:

 Your Spells              Type           Power        Failure   Level  Hunger
a - Flame Tongue          Conj/Fire      ##...        5%          1    None
b - Conjure Flame         Conj/Fire      ##......     17%         3    ###....

Your spell library contained the following spells:

 Spells                   Type           Power        Failure   Level  Hunger


Dungeon Overview and Level Annotations

Branches:
Dungeon (6/15)
 Temple: D:4-7

Altars:
Cheibriados
Makhleb
Qazlal
Ru
Zin

Shops:
D:5 [


Innate Abilities, Weirdness & Mutations

You cannot wear boots.
Your serpentine skin is tough. (AC +2)
You have supernaturally acute eyesight. (SInv)
Armour fits poorly on your strangely shaped body.
Your system is resistant to poisons. (rPois)
You cover ground very slowly.
You have a slow metabolism.
You can spit poison.


Message History

You block the merfolk's attack.
You slash the merfolk!
The merfolk is heavily wounded.
The merfolk hits you with a cursed +0 spear!
You closely miss the merfolk.
The merfolk is heavily wounded.
The merfolk barely misses you.
Unknown command.
You hit the merfolk.
The merfolk is heavily wounded.
The merfolk hits you with a cursed +0 spear!
* * * LOW HITPOINT WARNING * * *
The merfolk hits you with a cursed +0 spear!
* * * LOW HITPOINT WARNING * * *
Unknown command.
Okay, then.
You slash the merfolk!
The merfolk is severely wounded.
The merfolk hits you with a cursed +0 spear!
You die...

#......#######
#............
#...........#####
#...........#%.≈#
#...........#(.≈#
#...........##m≈#
+...........#†@≈#
#
#...........##'##
####.(.....##....#
#..#.......#######
#..#.......#
#..#.......#
#'##.......#####
#..#...........#
#..#...........#


You could see a merfolk.

Vanquished Creatures
  Edmund (D:5)
  A black bear (D:9)
  2 ogres (D:4)
  A centaur (D:6)
  A crocodile (D:9)
  2 bullfrogs (Sewer)
  A scorpion (D:4)
  5 wights (D:9)
  A howler monkey (D:4)
  2 hounds
  2 orc wizards
  A centaur skeleton (D:5)
  Natasha (twice) (D:3)
  Terence (D:3)
  An iguana (D:4)
  3 worker ants
  6 big kobold zombies (Ossuary)
  A mummy (Ossuary)
  A worker ant zombie (D:5)
  8 adders
  An ooze (D:3)
  An adder skeleton (D:6)
  A worm (D:2)
  2 dart slugs (D:1)
  4 leopard geckos
  12 orcs
  4 spectral bats (Ossuary)
  5 bats
  9 giant cockroaches
  6 gnoll zombies (Ossuary)
  6 goblins
  7 hobgoblins
  2 jackals (D:3)
  4 kobolds
  A quokka (D:4)
  5 ball pythons
  3 bat simulacra (Ossuary)
  10 frilled lizards
  5 goblin simulacra (Ossuary)
  3 goblin zombies (Ossuary)
  6 hobgoblin zombies (Ossuary)
  A jackal zombie (D:5)
  2 kobold simulacra (Ossuary)
  4 kobold zombies (Ossuary)
  5 orc zombies (Ossuary)
  7 rats
  3 rat simulacra (Ossuary)
  2 spectral goblins (Ossuary)
  2 spectral kobolds (Ossuary)
  A spectral rat (Ossuary)
167 creatures vanquished.

Notes
Turn   | Place    | Note
-------+----------+-------------------------------------------
     0 | D:1      | MajorAdolf the Naga Wanderer began the quest for the Orb.
     0 | D:1      | MajorAdolf set off with the following items: a +2 spear, a
                  | +0 robe, a ration; and the following spell memorised: Flame
                  | Tongue; and the following spells available to memorise:
                  | Conjure Flame
     0 | D:1      | Reached XP level 1. HP: 18/18 MP: 3/3
   234 | D:1      | Reached XP level 2. HP: 22/25 MP: 5/5
   382 | D:1      | Reached skill level 1 in Fire Magic
   977 | D:1      | Reached XP level 3. HP: 31/31 MP: 6/6
  1691 | D:3      | Noticed Natasha
  1710 | D:2      | Reached XP level 4. HP: 4/38 MP: 5/8
  2001 | D:3      | Killed Natasha
  2155 | D:3      | Reached XP level 5. HP: 44/44 MP: 9/9
  2579 | D:3      | Found a stormy altar of Qazlal.
  2693 | D:3      | Noticed Natasha
  2816 | D:3      | Killed Natasha
  2916 | D:3      | Reached XP level 6. HP: 51/51 MP: 11/11
  2958 | D:3      | Noticed Terence
  2962 | D:3      | Killed Terence
  2963 | D:3      | Found a glowing silver altar of Zin.
  3095 | D:3      | Found a burning altar of Makhleb.
  3096 | D:3      | Noticed an angel
  3097 | D:3      | Noticed a blizzard demon
  3512 | D:4      | Found a sand-covered staircase.
  3517 | Ossuary  | Entered an ossuary
  3543 | Ossuary  | Learned a level 3 spell: Conjure Flame
  3959 | Ossuary  | Reached XP level 7. HP: 44/57 MP: 9/13
  4639 | D:4      | Reached skill level 1 in Axes
  5166 | D:5      | Entered Level 5 of the Dungeon
  5197 | D:5      | Noticed Edmund
  5205 | D:5      | Killed Edmund
  5205 | D:5      | Reached XP level 8. HP: 53/67 MP: 8/15
  5261 | D:5      | Reached skill level 5 in Spellcasting
  5367 | D:5      | Found a snail-covered altar of Cheibriados.
  5520 | D:5      | Found a glowing drain.
  5529 | Sewer    | Entered a sewer
  6055 | D:5      | Found Orphees's Antique Armour Emporium.
  6232 | D:6      | Found a sacrificial altar of Ru.
  6539 | D:6      | Reached skill level 5 in Fire Magic
  6606 | D:6      | You fall through a shaft for 3 floors!
  7110 | D:9      | Noticed a merfolk
  7118 | D:9      | HP: 3/69 [merfolk/cursed +0 spear (7)]
  7119 | D:9      | Slain by a merfolk

Skill      XL: |  1  2  3  4  5  6  7  8 |
---------------+-------------------------+-----
Fire Magic     | 1 2 3 4 5 |  5.3
Spellcasting   | 3 4 5 |  5.5
Shields        | 2 3 |  3.6
Conjurations   | 2 3 |  3.6
Axes           | 1 3 |  3.5
Fighting       | 2 3 |  3.2
Polearms       | |  2.0
Throwing       | |  1.0
Poison Magic   | |  2.6

Action                   |  1- 3 |  4- 6 |  7- 9 || total
-------------------------+-------+-------+-------++-------
Melee: Spear             |    41 |       |       ||    41
       Hand axe          |       |       |   113 ||   113
 Fire: Hunting sling     |    12 |   182 |    28 ||   222
 Cast: Flame Tongue      |    16 |    29 |    16 ||    61
 Abil: Spit Poison       |    19 |    24 |     6 ||    49
  Use: Scroll            |       |     2 |    17 ||    19
  Eat: Chunk             |     2 |     6 |     5 ||    13
       Ration            |       |     1 |     1 ||     2
Armor: Ring mail         |    17 |    55 |    36 ||   108
       Robe              |     1 |       |       ||     1
Dodge: Dodged            |    27 |    57 |    36 ||   120
Block: Buckler           |    11 |    40 |    24 ||    75
